 Dungeon Sprint DCSS version 0.27-a0-633-gc6addc0a40 (webtiles) character file.

Game seed: 2497024585531384322

20407 mhtbhm the Bludgeoner (level 13, -14/120 HPs)
             Began as a Human Berserker on Mar 13, 2021.
             Was the Champion of Trog.
             Killed from afar by a fire dragon (52 damage)
             ... with a blast of flame
             ... in the Dungeon (Sprint IX: "|||||||||||||||||||||||||||||").
             The game lasted 00:06:21 (2870 turns).

mhtbhm the Bludgeoner (Human Berserker)             Turns: 2870, Time: 00:06:24

Health: -14/120    AC: 25    Str: 29    XL:     13   Next: 12%
Magic:  12/13      EV: 15    Int: 11    God:    Trog [******]
Gold:   142        SH:  0    Dex: 19    Spells: 12/12 levels left

rFire    . . .     SeeInvis +   a - +2 dire flail (vorpal)
rCold    . . .     Faith    .   (shield currently unavailable)
rNeg     . . .     Spirit   .   b - +6 chain mail of the Old World {Dex+4 SInv Stlth+}
rPois    .         Reflect  .   (no helmet)
rElec    .         Harm     .   t - +1 cloak
rCorr    .         Rampage  .   u - +1 pair of gloves {Dex+3}
Will     .....     NoTele   +   k - +0 pair of boots
Stlth    +.........             (no amulet)
HPRegen  0.30/turn              m - +3 ring of intelligence
MPRegen  0.13/turn              l - +6 ring of strength

@: berserk cooldown, slowed, very slow
A: no striking features
a: Renounce Religion, Berserk, Trog's Hand, Brothers in Arms


You were in the Dungeon.
You worshipped Trog.
Trog was exalted by your worship.
You visited 1 branch You collected 1869 gold pieces.
You spent 1727 gold pieces at shops.

Inventory:

Hand Weapons
 a - a +2 vorpal dire flail (weapon)
 s - a +4 antimagic great mace
Armour
 b - the +6 chain mail of the Old World (worn) {Dex+4 SInv Stlth+}
   (You bought it in a shop in the Dungeon)

   It affects your dexterity (+4).
   It lets you see invisible.
   It makes you more stealthy.
 k - a +0 pair of boots (worn)
 t - a +1 cloak (worn)
 u - a +1 pair of gloves of dexterity (worn)
Jewellery
 l - a +6 ring of strength (left hand)
 m - a +3 ring of intelligence (right hand)
 n - a +6 ring of strength
 w - a ring of protection from fire
 x - a ring of protection from cold
 y - a ring of fire
 z - a ring of protection from fire
Wands
 j - a wand of acid (9)
 v - a wand of paralysis (7)
Scrolls
 h - 5 scrolls of blinking
 o - a scroll of fear
 p - 2 scrolls of identify
 q - 2 scrolls of fog
 r - 2 scrolls of enchant weapon
Potions
 c - 6 potions of curing
 d - 7 potions of heal wounds
 e - 2 potions of haste
 f - 4 potions of magic
 g - a potion of berserk rage
 i - a potion of invisibility
 A - a potion of might


   Skills:
 + Level 17.3 Fighting
 + Level 19.6 Maces & Flails
 + Level 13.7 Armour
 + Level 10.9 Dodging
 + Level 3.0 Stealth
 + Level 1.4 Evocations


You had 12 spell levels left.
You didn't know any spells.
Your spell library was empty.

Dungeon Overview and Level Annotations

Branches:
Dungeon (1/1)

Altars:
Cheibriados
Dithmenos
Elyvilon
Fedhas
Gozag
Hepliaklqana
Kikubaaqudgha
Makhleb
Nemelex Xobeh
Okawaru
Qazlal
Ru
Sif Muna
Trog
Uskayaw
Vehumet
Wu Jian
Xom
Yredelemnul
Zin
The Shining One
Beogh
Jiyva
Lugonu

Shops:
D (=[[


Message History

You are no longer berserk.
You are exhausted.
You feel yourself slow down.
Things that are here:
4 large rocks; a stone giant corpse You thump the fire dragon!
The fire dragon is lightly wounded.
The fire dragon completely misses you. x2; The fire dragon barely misses you.
Your chain mail of the Old World prevents you from hitting the fire dragon.
The fire dragon is lightly wounded.
The fire dragon closely misses you. The fire dragon barely misses you.
The fire dragon tramples you but does no damage.
You closely miss the fire dragon.
The fire dragon is lightly wounded.
The fire dragon closely misses you. x2; The fire dragon barely misses you.
Your chain mail of the Old World prevents you from hitting the fire dragon.
The fire dragon is lightly wounded.
The fire dragon closely misses you.
The fire dragon claws you but does no damage.
The fire dragon misses you.
You puncture the fire dragon!
The fire dragon is moderately wounded.
The fire dragon bites you but does no damage.
The fire dragon claws you.
The fire dragon tramples you but does no damage.
You puncture the fire dragon!
The fire dragon is moderately wounded.
The fire dragon breathes flames at you. The blast of flame hits you!!
* * * LOW HITPOINT WARNING * * *
You feel much better. The fire dragon breathes flames at you.
The blast of flame hits you.
Your cyclops goes berserk!
The fire dragon bites you but does no damage.
The fire dragon claws you but does no damage.
The fire dragon barely misses you. The fire dragon breathes flames at you.
The blast of flame hits you!!!
You die...

▓....'..[[[[..')[.).......†'†....
▓.▓▓▓▓▓▓▓▓▓▓▓▓▓▓▓▓▓▓▓▓▓▓▓▓▓▓▓▓▓▓▓
▓................................
▓▓▓▓▓▓▓▓▓▓▓▓▓▓▓▓▓▓▓▓▓▓▓▓▓▓▓▓▓▓▓▓▓
▓.........'.....∩.∩.∩.∩[)))))....
▓.▓▓▓▓▓▓▓▓▓▓▓▓▓▓▓▓▓▓▓▓▓▓▓▓▓▓▓▓▓▓▓
▓................................
▓▓▓▓▓▓▓▓▓▓▓▓▓▓▓▓▓▓▓▓▓▓▓▓▓▓▓▓▓▓▓▓▓
+....D@(C......()†)†...
▓▓▓▓▓▓▓▓▓▓▓▓▓▓▓▓▓▓▓▓▓▓▓


You could see a fire dragon (catching breath, ally target) and a friendly
cyclops (summoned, berserk).

Vanquished Creatures
  A frost giant (D)
  3 stone giants (D)
  A great orb of eyes (D)
  2 boulder beetles (D)
  Erolcha (D)
  3 hydras (D)
  A deep troll shaman (D)
  A two-headed ogre (D)
  An orc high priest (D)
  3 orc knights (D)
  2 orc sorcerers (D)
  2 ugly things (D)
  Joseph (D)
  A black mamba (D)
  4 cane toads (D)
  2 rime drakes (D)
  A komodo dragon (D)
  A troll (D)
  A troll (shapeshifter) (D)
  2 tyrant leeches (D)
  3 blink frogs (D)
  A shadow (D)
  A wyvern (D)
  A basilisk (D)
  A yak (D)
  2 vampire mosquitoes (D)
  2 water moccasins (D)
  6 orc warriors (D)
  An ogre (D)
  A wolf (D)
  A centaur (D)
  3 bullfrogs (D)
  A wight (D)
  A hound (D)
  4 orc priests (D)
  2 worker ants (D)
  3 orc wizards (D)
  2 shadow imps (D)
  An adder zombie (D)
  A dart slug (D)
  16 orcs (D)
  A bat skeleton (D)
  A giant cockroach (D)
  2 goblins (D)
  A frilled lizard (D)
  A kobold (D)
  A rat (D)
95 creatures vanquished.

Vanquished Creatures (collateral kills)
  2 orc knights (D)
  2 orc warriors (D)
  An orc (D)
5 creatures vanquished.

Vanquished Creatures (others)
  2 orcs (D)
2 creatures vanquished.

Grand Total: 102 creatures vanquished

Notes
Turn   | Place    | Note
-------+----------+-------------------------------------------
     0 | D        | mhtbhm the Human Berserker began the quest for the Orb.
     0 | D        | Reached XP level 1. HP: 18/18 MP: 1/1
    14 | D        | Reached ** piety under Trog
    57 | D        | Noticed a worker ant
    65 | D        | Killed a worker ant
    66 | D        | Reached skill level 4 in Maces & Flails
    66 | D        | Reached XP level 2. HP: 26/26 MP: 2/2
    66 | D        | Reached XP level 3. HP: 32/32 MP: 3/3
    68 | D        | Reached *** piety under Trog
    69 | D        | Reached skill level 5 in Maces & Flails
    81 | D        | Found a snail-covered altar of Cheibriados.
    81 | D        | Found a shadowy altar of Dithmenos.
    81 | D        | Found a white marble altar of Elyvilon.
    81 | D        | Found a blossoming altar of Fedhas.
    81 | D        | Found an opulent altar of Gozag.
    82 | D        | Found a hazy altar of Hepliaklqana.
    83 | D        | Found a viscous altar of Jiyva.
    84 | D        | Found an ancient bone altar of Kikubaaqudgha.
    85 | D        | Found a corrupted altar of Lugonu.
    86 | D        | Found a burning altar of Makhleb.
    87 | D        | Found a sparkling altar of Nemelex Xobeh.
    88 | D        | Found an iron altar of Okawaru.
    89 | D        | Found a stormy altar of Qazlal.
    90 | D        | Found a sacrificial altar of Ru.
    91 | D        | Found a shimmering blue altar of Sif Muna.
    92 | D        | Found a bloodstained altar of Trog.
    93 | D        | Found a hide-covered altar of Uskayaw.
    94 | D        | Found a radiant altar of Vehumet.
    95 | D        | Found an ornate altar of the Wu Jian Council.
    96 | D        | Found a shimmering altar of Xom.
    97 | D        | Found a basalt altar of Yredelemnul.
    98 | D        | Found a glowing silver altar of Zin.
    99 | D        | Found a glowing golden altar of the Shining One.
   152 | D        | Noticed an ogre
   152 | D        | Noticed an orc warrior
   152 | D        | Noticed an orc warrior
   157 | D        | Reached **** piety under Trog
   158 | D        | Reached skill level 5 in Fighting
   164 | D        | Killed an orc warrior
   165 | D        | Reached skill level 7 in Maces & Flails
   165 | D        | Reached XP level 4. HP: 22/41 MP: 4/4
   165 | D        | Reached XP level 5. HP: 25/47 MP: 5/5
   166 | D        | Killed an orc warrior
   167 | D        | Reached skill level 8 in Maces & Flails
   167 | D        | Reached skill level 5 in Dodging
   167 | D        | Reached XP level 6. HP: 30/55 MP: 6/6
   168 | D        | Killed an ogre
   169 | D        | Reached skill level 9 in Maces & Flails
   384 | D        | Noticed a red ugly thing
   391 | D        | Reached ***** piety under Trog
   392 | D        | Reached XP level 7. HP: 63/63 MP: 7/7
   397 | D        | Killed a red ugly thing
   398 | D        | Reached skill level 11 in Maces & Flails
   398 | D        | Reached skill level 5 in Armour
   398 | D        | Reached XP level 8. HP: 47/72 MP: 8/8
   634 | D        | Noticed a four-headed hydra
   634 | D        | Noticed a komodo dragon
   634 | D        | Noticed a rime drake
   634 | D        | Noticed a cane toad
   634 | D        | Noticed a cane toad
   638 | D        | Killed a cane toad
   638 | D        | Noticed a black mamba
   639 | D        | Reached skill level 10 in Fighting
   639 | D        | Reached skill level 12 in Maces & Flails
   643 | D        | Noticed a five-headed hydra
   644 | D        | Killed a cane toad
   645 | D        | Reached XP level 9. HP: 79/79 MP: 9/9
   772 | D        | Killed a rime drake
   773 | D        | Reached skill level 13 in Maces & Flails
   775 | D        | Received a gift from Trog
   782 | D        | Killed a komodo dragon
   782 | D        | Noticed a cane toad
   931 | D        | Killed a four-headed hydra
   932 | D        | Reached skill level 14 in Maces & Flails
   939 | D        | Killed a black mamba
   940 | D        | Reached XP level 10. HP: 88/88 MP: 10/10
  1066 | D        | Killed a five-headed hydra
  1067 | D        | Reached skill level 15 in Maces & Flails
  1067 | D        | Reached skill level 1 in Stealth
  1068 | D        | Killed a cane toad
  1122 | D        | Noticed a rime drake
  1122 | D        | Noticed a boulder beetle
  1126 | D        | Reached ****** piety under Trog
  1131 | D        | Noticed a cane toad
  1136 | D        | Killed a boulder beetle
  1137 | D        | Reached skill level 16 in Maces & Flails
  1139 | D        | Reached skill level 10 in Armour
  1146 | D        | Killed a rime drake
  1149 | D        | Reached XP level 11. HP: 74/96 MP: 11/11
  1161 | D        | Received a gift from Trog
  1428 | D        | Received a gift from Trog
  1429 | D        | Reached skill level 17 in Maces & Flails
  1729 | D        | Received a gift from Trog
  1744 | D        | Received a gift from Trog
  1868 | D        | Noticed an orc knight
  1868 | D        | Noticed an orc knight
  1880 | D        | Killed an orc knight
  1889 | D        | Killed an orc knight
  1890 | D        | Noticed an orc knight
  1894 | D        | Received a gift from Trog
  1904 | D        | Reached skill level 10 in Dodging
  1905 | D        | Killed an orc knight
  1905 | D        | Received a gift from Trog
  2140 | D        | Found Jaliocvo's Antique Armour Boutique.
  2140 | D        | Noticed an orc sorcerer
  2147 | D        | Found Xorhuh's Armour Shop.
  2149 | D        | Killed an orc sorcerer
  2150 | D        | Noticed an orc sorcerer
  2156 | D        | Found Vufysun's Jewellery Boutique.
  2157 | D        | Noticed an orc knight
  2159 | D        | Killed an orc sorcerer
  2159 | D        | Identified the +5 quarterstaff of Outrage {flame, Dex+5}
                  | (Trog gifted it to you in the Dungeon)
  2159 | D        | Received a gift from Trog
  2161 | D        | Found Udusof's Antique Weapon Shop.
  2161 | D        | Noticed an orc high priest
  2170 | D        | Killed an orc knight
  2176 | D        | Noticed an orc knight
  2191 | D        | Killed an orc high priest
  2192 | D        | Reached skill level 18 in Maces & Flails
  2209 | D        | Killed an orc knight
  2210 | D        | Reached XP level 12. HP: 49/108 MP: 12/12
  2440 | D        | Bought a glowing cloak for 135 gold pieces
  2440 | D        | Bought a pair of runed gloves for 135 gold pieces
  2446 | D        | Bought a masterwork chain mail for 171 gold pieces
  2446 | D        | Identified the +6 chain mail of the Old World {Dex+4 SInv
                  | Stlth+} (You bought it in a shop in the Dungeon)
  2481 | D        | Bought a +6 ring of strength for 643 gold pieces
  2481 | D        | Bought a +6 ring of strength for 643 gold pieces
  2545 | D        | Noticed Joseph
  2548 | D        | Noticed Erolcha
  2555 | D        | Killed Joseph
  2563 | D        | Killed Erolcha
  2563 | D        | Received a gift from Trog
  2564 | D        | Reached skill level 15 in Fighting
  2657 | D        | Noticed a boulder beetle
  2657 | D        | Noticed a two-headed ogre
  2660 | D        | Noticed an eight-headed hydra
  2665 | D        | Killed a boulder beetle
  2669 | D        | Killed a two-headed ogre
  2670 | D        | Noticed a stone giant
  2688 | D        | Killed an eight-headed hydra
  2688 | D        | Received a gift from Trog
  2689 | D        | Reached skill level 1 in Evocations
  2695 | D        | Killed a stone giant
  2696 | D        | Reached skill level 19 in Maces & Flails
  2827 | D        | Noticed a great orb of eyes
  2828 | D        | Noticed a deep troll shaman
  2829 | D        | Noticed a frost giant
  2830 | D        | Noticed a stone giant
  2830 | D        | Noticed a stone giant
  2833 | D        | Noticed a fire dragon
  2835 | D        | Killed a great orb of eyes
  2838 | D        | Killed a deep troll shaman
  2850 | D        | Killed a frost giant
  2855 | D        | Killed a stone giant
  2855 | D        | Received a gift from Trog
  2856 | D        | Reached XP level 13. HP: 120/120 MP: 10/13
  2861 | D        | Killed a stone giant
  2870 | D        | Killed from afar by a fire dragon

Illustrated notes

Levels and vault maps discovered:
D:        linesprint [early_d, line_temple, items_1, d_10, items_2, lair_1,
          lair_end, items_3, orc_1, orc_end, items_4, d_15, swamp_1, shoals_1,
          snake_1, spider_1, d_20, vaults_1, items_5, swamp_end, shoals_end,
          snake_end, spider_end, vaults_end, d_27, items_6, zot_1, zot_end,
          crypt_end, forest_end, elf_end, slime_end, tomb_end, abyss_end,
          pan_hell_end]

Skill      XL: |  1  2  3  4  5  6  7  8  9 10 11 12 |
---------------+-------------------------------------+-----
Fighting       | 4 6 7 8 9 10 11 12 14 17 | 17.3
Maces & Flails | 4 7 8 9 11 12 14 16 18 19 | 19.6
Dodging        | 3 4 5 6 7 8 9 10 | 10.9
Armour         | 3 4 5 6 8 10 11 13 | 13.7
Stealth        | 1 2 3 |  3.0
Evocations     | 1 |  1.4

Action                   |  1- 3 |  4- 6 |  7- 9 | 10-12 | 13-15 || total
-------------------------+-------+-------+-------+-------+-------++-------
Melee: Mace              |    29 |       |       |       |       ||    29
       Dire flail        |    11 |    17 |    50 |   247 |    11 ||   336
Invok: Berserk           |     3 |     1 |     3 |    10 |       ||    17
       Brothers in Arms  |       |       |       |     2 |     1 ||     3
Evoke: Wand              |       |       |       |     1 |       ||     1
  Use: Potion            |       |       |       |     2 |     1 ||     3
Armor: Animal skin       |     5 |       |       |       |       ||     5
       Scale mail        |     1 |     8 |     5 |    24 |       ||    38
       Chain mail        |       |       |       |    18 |     6 ||    24
Dodge: Dodged            |    19 |     5 |    14 |    75 |    12 ||   125

Table legend: (Time is in decaauts)
 A = Elapsed time spent in this place.
 B = Non-inter-level travel time spent in this place.
 C = Inter-level travel time spent in this place.
 D = Time resting spent in this place.
 E = Time spent auto-exploring this place.
 F = Levels seen in this place.
 G = Mean time per level.
                   A        B        C        D        E       F      G
               +--------+--------+--------+--------+--------+-----+--------+
         Total |   2848 |   2848 |      0 |   1729 |    155 |   1 | 2848.0 |
       Dungeon |   2848 |   2848 |      0 |   1729 |    155 |   1 | 2848.0 |
               +--------+--------+--------+--------+--------+-----+--------+

Top non-repeatable levels by time:
       D: 2848 daAuts
